 Dungeon Crawl Stone Soup version 0.31.0-32-g396128a36d (webtiles) character file.

Game seed: 2255441329059158655

87 601d51SH the Trooper (level 4, -3/41 HPs)
             Began as a Hill Orc Fighter on Apr 2, 2024.
             Incinerated by a bombardier beetle (7 damage)
             ... with a burning spray
             ... on level 2 of the Dungeon.
             The game lasted 00:01:49 (917 turns).

601d51SH the Trooper (Hill Orc Fighter)              Turns: 917, Time: 00:01:50

Health: -3/41      AC:  7    Str: 20    XL:     4   Next: 51%
Magic:  4/4        EV:  9    Int:  8    God:
Gold:   135        SH:  4    Dex: 10    Spells: 3/3 levels left

rFire   . . .        a - +0 war axe
rCold   . . .        c - +0 buckler
rNeg    . . .        b - +0 scale mail
rPois   .            (no helmet)
rElec   .            (no cloak)
rCorr   .            (no gloves)
SInv    .            (no boots)
Will    .....        (no amulet) Stlth
                     (no ring)
HPRegen 0.26/turn    (no ring)
MPRegen 0.09/turn

%: no passive effects
@: on fire, glowing
A: no striking features
a: no special abilities


You were on level 2 of the Dungeon.
You visited 1 branch of the dungeon, and saw 2 of its levels.

You collected 135 gold pieces.

Inventory:

Hand Weapons
 a - a +0 war axe (weapon)
Missiles
 g - 3 poisoned darts (quivered)
Armour
 b - a +0 scale mail (worn)
 c - a +0 buckler (worn)
Scrolls
 f - a scroll of immolation {unknown}
 h - a scroll of noise {unknown}
 i - a scroll of amnesia {unknown}
 k - a scroll of fog {unknown}
 m - a scroll of identify {unknown}
Potions
 d - a potion of might
 e - 2 potions of heal wounds {unknown}
 j - a potion of mutation {unknown}
 l - 3 potions of lignification {unknown}


   Skills:
 + Level 4.4 Fighting
 + Level 3.8 Axes
 + Level 4.0 Armour
 + Level 4.0 Shields


You had 3 spell levels left.
You didn't know any spells.
Your spell library contained the following spells:

 Spells                   Type           Power      Damage    Failure   Level
 Summon Small Mammal      Summ           0%         N/A       83%         1
 Call Canine Familiar     Summ           0%         N/A       99%         3
 Summon Blazeheart Golem  Fire/Summ      0%         N/A       100%        4


Dungeon Overview and Level Annotations

Branches:
Dungeon (2/15)

Altars:


Message History

You open the door. You open the door. You open the door. You open the door.
There is an open door here.
A rat and a bombardier beetle come into view.
Found a stone staircase leading down.
The rat squeaks loudly.
The bombardier beetle sprays incendiary fluid at you.
The burning spray hits you.
You are covered in liquid fire!
You hit the bombardier beetle.
The bombardier beetle is moderately wounded.
The liquid fire burns you!
The bombardier beetle barely misses you.
You barely miss the bombardier beetle.
The bombardier beetle is moderately wounded.
The liquid fire burns you!
The bombardier beetle bites you but does no damage.
You closely miss the bombardier beetle.
The bombardier beetle is moderately wounded.
The liquid fire burns you!
You slash the bombardier beetle!
The bombardier beetle is severely wounded.
The liquid fire burns you!
The bombardier beetle sprays incendiary fluid at you.
The burning spray hits you.
You are even more covered in liquid fire!
You are too injured to fight recklessly!
You are too injured to fight recklessly!
You slash the bombardier beetle!
You kill the bombardier beetle!
The liquid fire burns you!
* * * LOW HITPOINT WARNING * * *
Your Armour skill increases to level 4!
Your Shields skill increases to level 4!
You have reached level 4!
You closely miss the rat. The liquid fire burns you!
You die...

.. ## #. #. #..#. #..#.
##....##########..
#................. #.
#........######.# ...
..(.##@##.# #.#
#...##r##.######.#
#.#######......##........#
###.#..........#.####.######
#.....†...# ..#..###..#######
#.....)...# >.................
#........<##..#######'#######.
#.........##..# #.#
(†............# #####.#####


You could see a rat.

Vanquished Creatures
  A bombardier beetle (D:2)
  2 adders (D:2)
  A dart slug (D:1)
  2 endoplasms (D:1)
  2 giant cockroaches (D:1)
  2 goblins (D:1)
  5 hobgoblins (D:1)
  7 jackals (D:1)
  4 frilled lizards
  3 kobolds
  5 rats (D:1)
34 creatures vanquished.

Notes
Turn   | Place    | Note
-------+----------+-------------------------------------------
     0 | D:1      | 601d51SH the Hill Orc Fighter began the quest for the Orb.
     0 | D:1      | Reached XP level 1. HP: 19/19 MP: 1/1
   129 | D:1      | Reached XP level 2. HP: 27/27 MP: 2/2
   399 | D:1      | Reached XP level 3. HP: 27/33 MP: 3/3
   917 | D:2      | Reached XP level 4. HP: 4/41 MP: 4/4
   917 | D:2      | Incinerated by a bombardier beetle

Illustrated notes

Levels and vault maps discovered:
D:1:      evilmike_arrival_plus, layout_loops_ring, minmay_misc_feat_five,
          minmay_misc_feat_hallway, minmay_rat_gold_closets
D:2:      layout_loops_ring, shapermc_ecumenical_altar_petra,
          minmay_door_square, uniq_natasha

Skill      XL: |  1  2  3 |
---------------+----------+-----
Axes           | 3 |  3.8
Fighting       | 4 |  4.4
Armour         | 4 |  4.0
Shields        | 4 |  4.0

Action                     |  1- 3 |  4- 6 || total
---------------------------+-------+-------++-------
  Melee: War axe           |    96 |     1 ||    97
 Armour: Scale mail        |    56 |       ||    56
  Dodge: Dodged            |    36 |       ||    36
  Block: Buckler           |    24 |       ||    24
